 Dungeon Crawl Stone Soup version 0.26-a0-665-gefeb406119 (webtiles) character file.

Game seed: 10434115512977893935

152 Gargoyl the Skirmisher (level 5, 0/47 HPs)
             Began as a Gnoll Abyssal Knight on Oct 14, 2020.
             Was a Believer of Lugonu.
             Slain by a killer bee (2 damage)
             ... on level 3 of the Dungeon.
             The game lasted 00:03:47 (2231 turns).

Gargoyl the Skirmisher (Gnoll Abyssal Knight)       Turns: 2231, Time: 00:03:48

Health: 0/47       AC: 12    Str: 16    XL:     5   Next: 34%
Magic:  8/8        EV:  3    Int: 14    God:    Lugonu [**....]
Gold:   109        SH:  8    Dex: 20    Spells: 6/6 levels left

rFire    . . .     SeeInvis .   a - +1 hand axe
rCold    . . .     Faith    .   k - +0 kite shield
rNeg     . . .     Spirit   .   b - +0 plate armour
rPois    .         Reflect  .   (no helmet)
rElec    .         Harm     .   (no cloak)
rCorr    .         Rampage  .   (no gloves)
MR       .....                  (no boots)
Stlth    ..........             j - amulet of magic regeneration
HPRegen  0.15/turn              c - +6 ring of dexterity
MPRegen  0.36/turn              (no ring)

@: brilliant, lethally poisoned (0 -> -13)
A: distributed training, fangs 1, strong nose
a: Depart the Abyss, Bend Space, Renounce Religion


You were on level 3 of the Dungeon.
You worshipped Lugonu.
Lugonu was pleased with you.
You visited 1 branch of the dungeon, and saw 3 of its levels.
You visited the Abyss 1 time.

You collected 109 gold pieces.

Inventory:

Hand Weapons
 a - a +1 hand axe (weapon)
 h - a cursed -3 war axe
Armour
 b - a +0 plate armour (worn)
 k - a +0 kite shield (worn)
Jewellery
 c - a +6 ring of dexterity (left hand)
 j - an amulet of magic regeneration (around neck)
Scrolls
 d - a scroll of fear
 e - a scroll of remove curse
 f - a scroll of noise {unknown}
 g - 4 scrolls of enchant armour {unknown}
 l - a scroll of fog {unknown}


   Skills:
 + Level 6.7 Fighting
 + Level 1.4 Short Blades
 + Level 1.4 Long Blades
 + Level 4.8 Axes
 + Level 1.4 Maces & Flails
 + Level 1.4 Polearms
 + Level 1.4 Staves
 + Level 1.4 Slings
 + Level 1.4 Bows
 + Level 1.4 Crossbows
 + Level 1.4 Throwing
 + Level 4.8 Armour
 + Level 3.0 Dodging
 + Level 1.4 Stealth
 + Level 1.4 Shields
 + Level 1.4 Unarmed Combat
 + Level 1.4 Spellcasting
 + Level 1.1 Conjurations
 + Level 1.1 Hexes
 + Level 1.1 Summonings
 + Level 1.1 Necromancy
 + Level 1.1 Translocations
 + Level 1.1 Transmutations
 + Level 1.1 Fire Magic
 + Level 1.1 Ice Magic
 + Level 1.1 Air Magic
 + Level 1.1 Earth Magic
 + Level 1.1 Poison Magic
 + Level 4.8 Invocations
 + Level 1.4 Evocations


You had 6 spell levels left.
You didn't know any spells.
Your spell library was empty.

Dungeon Overview and Level Annotations

Branches:
Dungeon (3/15)

Altars:


Innate Abilities, Weirdness & Mutations

Your experience applies equally to all skills.
You have very sharp teeth.
Your uncanny sense of smell can sniff out nearby items.


Message History

The killer bee stings you. The killer bee stings you!
You are poisoned.
The killer bee poisons you!
You barely miss the killer bee.
The killer bee is moderately wounded.
You feel sick. The killer bee stings you!
* * * LOW HITPOINT WARNING * * *
You are more poisoned.
The killer bee poisons you! The killer bee stings you.
* * * LOW HITPOINT WARNING * * *
You are more poisoned.
The killer bee poisons you!
You aren't carrying any potions.
* * * LOW HITPOINT WARNING * * *
You feel sick. The killer bee stings you.
* * * LOW HITPOINT WARNING * * *
A frilled lizard comes into view.
* * * LOW HITPOINT WARNING * * *
You feel sick. The killer bee stings you.
You die...

##.#. .###.. ###.#
...## ##.#.. ..#.#
.. ..... #.#.# #...
#.#.# #..#
#.#.###### #..#
##.#.......
#..######
#...######.
#.ybyy..#####.#...#
#.
#.####@...........#
#.
#...##...#########.#
#. #yb...l....## #.#
#. .b.......<...#
#.# #.
..#.#.##.....## #[#
#.
...#.#####...#######
#.# #. ..
#...............#
#.# ##
#######.#.#.#.# #.#
#.#.#)#.###.#####


You could see 3 killer bees, a bat and a frilled lizard.

Vanquished Creatures
  An orc wizard (D:1)
  4 gnolls (D:2)
  An adder (D:2)
  An ooze (D:3)
  3 dart slugs
  8 orcs
  6 bats (D:1)
  2 giant cockroaches (D:2)
  6 goblins
  5 hobgoblins
  2 quokkas
  6 frilled lizards
  9 kobolds
  6 rats
60 creatures vanquished.

Notes
Turn   | Place    | Note
-------+----------+-------------------------------------------
     0 | Abyss:1  | Gargoyl the Gnoll Abyssal Knight began the quest for the
                  | Orb.
     0 | Abyss:1  | Reached XP level 1. HP: 23/23 MP: 3/3
    47 | Abyss:1  | Noticed a tentacled starspawn
    48 | D:1      | Escaped the Abyss
   126 | D:1      | Reached * piety under Lugonu
   186 | D:1      | Reached XP level 2. HP: 29/29 MP: 5/5
   721 | D:1      | Reached XP level 3. HP: 34/35 MP: 6/6
   964 | D:1      | Reached skill level 1 in Short Blades
   964 | D:1      | Reached skill level 1 in Long Blades
   964 | D:1      | Reached skill level 1 in Maces & Flails
   964 | D:1      | Reached skill level 1 in Polearms
   964 | D:1      | Reached skill level 1 in Staves
   964 | D:1      | Reached skill level 1 in Slings
   964 | D:1      | Reached skill level 1 in Bows
   964 | D:1      | Reached skill level 1 in Crossbows
   964 | D:1      | Reached skill level 1 in Throwing
   964 | D:1      | Reached skill level 1 in Stealth
   964 | D:1      | Reached skill level 1 in Shields
   964 | D:1      | Reached skill level 1 in Unarmed Combat
   964 | D:1      | Reached skill level 1 in Spellcasting
   964 | D:1      | Reached skill level 1 in Evocations
   964 | D:1      | Reached XP level 4. HP: 16/41 MP: 7/7
  1271 | D:2      | Reached skill level 1 in Conjurations
  1271 | D:2      | Reached skill level 1 in Hexes
  1271 | D:2      | Reached skill level 1 in Summonings
  1271 | D:2      | Reached skill level 1 in Necromancy
  1271 | D:2      | Reached skill level 1 in Translocations
  1271 | D:2      | Reached skill level 1 in Transmutations
  1271 | D:2      | Reached skill level 1 in Fire Magic
  1271 | D:2      | Reached skill level 1 in Ice Magic
  1271 | D:2      | Reached skill level 1 in Air Magic
  1271 | D:2      | Reached skill level 1 in Earth Magic
  1271 | D:2      | Reached skill level 1 in Poison Magic
  1277 | D:2      | Reached XP level 5. HP: 4/47 MP: 8/8
  1458 | D:2      | Reached ** piety under Lugonu
  2230 | D:3      | HP: 2/47 [killer bee (6)]
  2231 | D:3      | Slain by a killer bee

Illustrated notes

Levels and vault maps discovered:
D:1:      nzn_arrival_depleted_hourglass, layout_basic, minmay_tetromino_t2
D:2:      layout_rooms, serial_rivers, chequers_serial_rivers_micro_d,
          chequers_serial_rivers_micro_c, chequers_serial_rivers_room_b,
          chequers_serial_rivers_room_a
D:3:      layout_loops_ring

Skill      XL: |  1  2  3  4  5 |
---------------+----------------+-----
Short Blades   | 1 |  1.4
Long Blades    | 1 |  1.4
Maces & Flails | 1 |  1.4
Polearms       | 1 |  1.4
Staves         | 1 |  1.4
Slings         | 1 |  1.4
Bows           | 1 |  1.4
Crossbows      | 1 |  1.4
Throwing       | 1 |  1.4
Stealth        | 1 |  1.4
Shields        | 1 |  1.4
Unarmed Combat | 1 |  1.4
Spellcasting   | 1 |  1.4
Evocations     | 1 |  1.4
Conjurations   | 1 |  1.1
Hexes          | 1 |  1.1
Summonings     | 1 |  1.1
Necromancy     | 1 |  1.1
Translocations | 1 |  1.1
Transmutations | 1 |  1.1
Fire Magic     | 1 |  1.1
Ice Magic      | 1 |  1.1
Air Magic      | 1 |  1.1
Earth Magic    | 1 |  1.1
Poison Magic   | 1 |  1.1
Dodging        | 3 |  3.0
Fighting       | |  6.7
Axes           | |  4.8
Armour         | |  4.8
Invocations    | |  4.8

Action                   |  1- 3 |  4- 6 || total
-------------------------+-------+-------++-------
Melee: Hand axe          |    77 |    81 ||   158
       Bite              |     8 |    16 ||    24
Invok: Depart the Abyss  |     1 |       ||     1
  Use: Scroll            |     1 |     2 ||     3
       Potion            |     1 |     1 ||     2
 Stab: Sleeping          |     1 |       ||     1
Armor: Ring mail         |    38 |     3 ||    41
       Plate armour      |       |    48 ||    48
Dodge: Dodged            |    51 |    14 ||    65
Block: Kite shield       |    13 |    35 ||    48

Table legend: (Time is in decaauts)
 A = Elapsed time spent in this place.
 B = Non-inter-level travel time spent in this place.
 C = Inter-level travel time spent in this place.
 D = Time resting spent in this place.
 E = Time spent auto-exploring this place.
 F = Levels seen in this place.
 G = Mean time per level.
                   A        B        C        D        E       F      G
               +--------+--------+--------+--------+--------+-----+--------+
         Total |   2249 |   2249 |      0 |    268 |   1437 |   4 |  562.2 |
       Dungeon |   2202 |   2202 |      0 |    268 |   1393 |   3 |  734.0 |
         Abyss |     47 |     47 |      0 |      0 |     44 |   1 |   47.0 |
               +--------+--------+--------+--------+--------+-----+--------+

Top non-repeatable levels by time:
     D:2: 1062 daAuts
     D:1: 815 daAuts
     D:3: 324 daAuts
 Abyss:1: 47 daAuts
